AoeStats
← Lukan

Enclosed

504166039Analyzed
1v1 RM · 2mo ago on Sep 4, 2026· 59m 29s· 2 players
Game mode
Random Map
Map size
Tiny (2 player)
Population
200
Speed
Normal
Resources
Standard
Victory
Conquest
Starting age
Dark Age
Ending age
Imperial Age
RankedLock teamsTeams togetherTeam positionsShared explorationLock speedFull tech treeHidden civsTurbo modeCheats
Victory
Defeat
🇯🇴 Jurchens · Jordan
1206
+15
vs
🇵🇪 Chinese · Peru
1181
-15
Lukan
0:29 Loom
9:20 Feudal Age
9:48 Double-Bit Axe
16:07 Wheelbarrow
17:36 Castle Age
16:58 Wheelbarrow
17:56 Scale Mail Armor
18:05 Pikeman
21:17 Forging
21:16 Squires
23:58 Town Watch
25:00 Chain Mail Armor
24:37 Horse Collar
25:26 Elite Skirmisher
27:22 Fletching
28:39 Bow Saw
28:54 Bodkin Arrow
29:00 Padded Archer Armor
31:04 Leather Archer Armor
33:20 Iron Casting
38:25 Imperial Age
36:05 Stone Mining
37:16 Thumb Ring
37:21 Heavy Plow
37:40 Hand Cart
38:23 Ballistics
39:29 Conscription
39:14 Bracer
40:37 Two-Man Saw
40:46 Ring Archer Armor
41:34 Chemistry
41:44 Halberdier
43:31 Plate Mail Armor
44:01 Blast Furnace
44:34 Murder Holes
44:42 Heavy Rocket Cart
46:27 Masonry
48:13 Blast Furnace
47:42 Town Patrol
hashiramasanzuhair707
8:12 Loom
10:34 Feudal Age
11:26 Loom
11:41 Double-Bit Axe
14:55 Castle Age
13:25 Horse Collar
15:38 Bloodlines
16:13 Bow Saw
17:02 Heavy Plow
17:28 Husbandry
24:32 Husbandry
27:54 Wheelbarrow
31:03 Padded Archer Armor
32:04 Gold Mining
33:35 Gold Shaft Mining
33:18 Hand Cart
33:25 Forging
33:23 Scale Barding Armor
36:35 Fletching
37:10 Heavy Plow
41:13 Imperial Age
39:09 Stone Mining
39:26 Husbandry
39:48 Chain Barding Armor
40:27 Iron Casting
41:17 Elite Steppe Lancer
43:29 Leather Archer Armor
44:48 Guilds
45:20 Plate Barding Armor
46:09 Blast Furnace
45:40 Ring Archer Armor
47:36 Chemistry
48:29 Light Cavalry
52:31 Fortified Bastions
55:27 Two-Man Saw
55:34 Crossbowman
Connection lost

Rejoining the realm…

Still unreachable

The connection could not be restored.

Session expired

The server has moved on; the page needs a fresh start.